Map: Ever Dream LE

Players

BaldSeagull

  • Race: Zerg Zerg
  • League: Diamond
  • Spawn Location: 1:00

A.I. 1 (Very Easy) - Winner!

  • Race: Protoss Protoss
  • Spawn Location: 7:00

VOD

Have the link to the VOD?

Description

Time

  • Played on: July 21, 2020, 11:54 p.m.
  • Length: 2:32
Show
View Real Time Build Order
Export as new Build Order

BaldSeagull Zerg 

Build Orders: Hatch First 

Get SALT Encoding   

  12  0:01  Drone  
  13  0:14  Overlord  
  13  0:16  Drone  
  14  0:33  Drone x2  
  16  0:51  Hatchery  
  16  0:54  Drone  
  16  0:57  Drone  
  17  1:12  Spawning Pool  
  17  1:15  Drone  
  17  1:19  Drone  
  17  1:22  Drone  
  19  2:05  Spine Crawler  
  19  2:06  Spine Crawler  
  19  2:07  Zergling x2  
  19  2:08  Spine Crawler x2  
  18  2:11  Zergling x2  
  18  2:14  Zergling x2  
Show
View Real Time Build Order
Export as new Build Order

A.I. 1 (Very Easy) Protoss - Winner!

Build Orders: 1 Gate Expand, Nexus First 

Get SALT Encoding   

  12  0:00  Probe  
  13  0:13  Probe  
  14  0:19  Pylon  
  14  0:43  Gateway  
  14  1:00  Nexus  
  14  1:19  Pylon  
  14  1:21  Zealot  
  14  1:23  Assimilator  
  16  1:35  Cybernetics Core  
  16  1:36  Probe  
  17  1:49  Probe  
  18  1:59  Assimilator, Probe  
  18  2:07  Probe  
  19  2:14  Probe  
Tags
 
Add a new tag
Caveats
  • Supply blocks, unpowered buildings, or Contaminate may cause inaccurate times.
  • Supply counts are checked every 10 seconds.